 Dungeon Crawl Stone Soup version 0.26.1-11-gd32895ea62 (webtiles) character file.

Game seed: 9545231082124759146

207 Mesmaeker13 the Magician (level 5, -6/35 HPs)
             Began as a Mummy Ice Elementalist on Apr 12, 2021.
             Killed from afar by Blork the orc (10 damage)
             ... with a puff of flame
             ... on level 4 of the Dungeon.
             The game lasted 00:05:48 (3118 turns).

Mesmaeker13 the Magician (Mummy Ice Elementalist)   Turns: 3118, Time: 00:05:49

Health: -6/35      AC:  2    Str: 11    XL:     5   Next: 54%
Magic:  11/11      EV: 16    Int: 22    God:
Gold:   103        SH:  4    Dex: 12    Spells: 9/13 levels left

rFire    x . .     SeeInvis .   h - +4 club
rCold    + . .     Faith    .   d - +0 buckler
rNeg     + + +     Spirit   .   a - +0 robe
rPois    ∞         Reflect  .   (no helmet)
rElec    .         Harm     .   (no cloak)
rCorr    .         Rampage  .   (no gloves)
Will     .....                  (no boots)
Stlth    ++........             (no amulet)
HPRegen  0.11/turn              c - +4 ring of evasion
MPRegen  0.12/turn              g - +6 ring of intelligence

@: no status effects
A: no potions, fire vulnerability, cold resistance 1, negative energy resistance
3, torment resistance, unbreathing
a: no special abilities


You were on level 4 of the Dungeon.
You visited 1 branch of the dungeon, and saw 4 of its levels.

You collected 103 gold pieces.

Inventory:

Hand Weapons
 f - a +0 dagger of speed
 h - a +4 club (weapon)
Missiles
 j - 8 silver javelins
Armour
 a - a +0 robe (worn)
 d - a +0 buckler (worn)
Jewellery
 c - a +4 ring of evasion (left hand)
 g - a +6 ring of intelligence (right hand)
 i - a +6 ring of strength
Scrolls
 b - a scroll of amnesia
 e - a scroll of magic mapping {unknown}


   Skills:
 - Level 2.3 Dodging
 - Level 1.5 Stealth
 + Level 2.0 Shields
 + Level 4.5 Spellcasting
 + Level 4.1 Ice Magic


You had 9 spell levels left.
You knew the following spells:

 Your Spells              Type           Power        Failure   Level
a - Freeze                Ice            92%          2%          1
b - Frozen Ramparts       Ice            46%          8%          3

Your spell library contained the following spells:

 Spells                   Type           Power        Failure   Level
 Ozocubu's Armour         Ice            23%          8%          3
 Hailstorm                Conj/Ice       14%          50%         4
 Summon Ice Beast         Ice/Summ       14%          50%         4


Dungeon Overview and Level Annotations

Branches:
Dungeon (4/15)
 Temple: D:4-7

Altars:

Annotations:
D:2 Natasha, Sigmund
D:4 Blork the orc, Robin


Innate Abilities, Weirdness & Mutations

You do not drink.
Your flesh is vulnerable to fire.
You are immune to poison.
Your flesh is cold resistant. (rC+)
You are immune to negative energy. (rN+++)
You are immune to unholy pain and torment.
You can survive without breathing.


Message History

Found 8 silver javelins and a red potion.
A worm comes into view.
Found 10 gold pieces.
You see here 8 silver javelins.
j - 8 silver javelins
Found 14 stones.
Blork the orc comes into view.
He is wielding a +0 flail and carrying a wand of flame (18).
Blork the orc shouts!
You hear an angry hiss.
Blork the orc zaps a wand.
The puff of flame hits you! The fire burns you terribly!
Found 7 gold pieces.
Blork the orc zaps a wand.
The puff of flame hits you!! The fire burns you terribly!
Ouch! That really hurt!
* * * LOW HITPOINT WARNING * * *
Unknown command.
A leopard gecko comes into view.
Blork the orc zaps a wand.
The puff of flame hits you! The fire burns you terribly!
You die...

.##. #.....###.......# ...
#......#....)#.##
#..####..........##.#
..........##........ . ##
#........#######....
.....#.##.####..## ###.....
...#.......###...####<......
$..l.......##.......#.......
.o.........@...##.....#.####
....o.###..#######.#..#.#
...#..##...# ......###
..........## #.......#
#.(.....#...# ........#
#..$.$#..w..............
#.##..##...###... .....# ##
.!.## .. ....#


You could see Blork the orc and a worm.

Vanquished Creatures
  An orc priest (D:3)
  Terence (D:2)
  Jessica (D:3)
  6 adders
  2 worms
  A dart slug (D:1)
  A leopard gecko (D:1)
  3 orcs
  2 giant cockroaches
  7 goblins
  11 hobgoblins
  3 jackals (D:1)
  5 kobolds
  A ball python (D:3)
  5 bats
  5 frilled lizards
  6 rats
61 creatures vanquished.

Notes
Turn   | Place    | Note
-------+----------+-------------------------------------------
     0 | D:1      | Mesmaeker13 the Mummy Ice Elementalist began the quest for
                  | the Orb.
     0 | D:1      | Reached XP level 1. HP: 13/13 MP: 4/4
   133 | D:1      | Reached XP level 2. HP: 18/19 MP: 3/6
  1037 | D:1      | Reached XP level 3. HP: 23/24 MP: 7/7
  1243 | D:2      | Learned a level 3 spell: Frozen Ramparts
  1371 | D:2      | Noticed Terence
  1378 | D:2      | Killed Terence
  1379 | D:2      | Reached skill level 1 in Shields
  1379 | D:2      | Reached XP level 4. HP: 29/30 MP: 1/9
  1466 | D:2      | You fall into a shaft and drop 1 floor!
  1787 | D:3      | Noticed Jessica
  1794 | D:3      | Killed Jessica
  1795 | D:3      | Reached XP level 5. HP: 28/35 MP: 7/11
  2208 | D:2      | Noticed Natasha
  2209 | D:2      | Noticed Sigmund
  2817 | D:4      | Noticed Robin
  3112 | D:4      | Noticed Blork the orc
  3118 | D:4      | Killed from afar by Blork the orc

Illustrated notes

Levels and vault maps discovered:
D:1:      dpeg_arrival_erosion, layout_basic
D:2:      layout_basic, uniq_natasha, uniq_terence, uniq_sigmund
D:3:      layout_rooms, interstate_on_off, uniq_jessica
D:4:      layout_cave_pools, minmay_temple_entry_large_hall, uniq_blork_the_orc,
          uniq_menkaure, uniq_ijyb, uniq_robin

Skill      XL: |  1  2  3  4  5 |
---------------+----------------+-----
Spellcasting   | 3 4 |  4.5
Dodging        | 2 |  2.3
Shields        | 1 2 |  2.0
Ice Magic      | 4 |  4.1
Stealth        | |  1.5

Action                   |  1- 3 |  4- 6 || total
-------------------------+-------+-------++-------
Melee: Spear             |    10 |       ||    10
       Dagger            |     3 |     1 ||     4
       Club              |       |     3 ||     3
 Cast: Freeze            |    41 |    41 ||    82
       Frozen Ramparts   |     1 |     2 ||     3
  Use: Scroll            |     2 |     3 ||     5
Armor: Robe              |     5 |     3 ||     8
Dodge: Dodged            |    34 |    37 ||    71
Block: Buckler           |       |     6 ||     6
